 Dungeon Sprint DCSS version 0.20.1-1-g8b1a95d (webtiles) character file.

5215 potatolord6000 the Cleaver (level 10, -1/102 HPs)
             Began as a Hill Orc Fighter on Aug 31, 2017.
             Was an Elder of Beogh.
             Slain by a killer bee (3 damage)
             ... in the Dungeon (Sprint III: "The Ten Rune Challenge").
             The game lasted 00:07:48 (1231 turns).

potatolord6000 the Cleaver (Hill Orc Fighter)       Turns: 1231, Time: 00:07:48

Health: -1/102     AC: 13    Str: 23    XL:     10   Next: 61%
Magic:  18/18      EV:  9    Int:  6    God:    Beogh [****..]
Gold:   30         SH: 13    Dex: 10    Spells: 9/9 levels left

rFire    . . .     SeeInvis .   a - +0 war axe
rCold    . . .     Gourm    .   c - +0 shield
rNeg     . . .     Faith    .   b - +0 scale mail
rPois    .         Spirit   .   (helmet restricted)
rElec    .         Reflect  .   f - +0 cloak
rCorr    .         Harm     .   (no gloves)
MR       .....     NoTele   +   (no boots)
Stlth    ..........             (no amulet)
Regen    0.7/turn               (no ring)
MPRegen  0.2/turn               (no ring)

@: lethally poisoned (-1 -> -8)
A: horns 1, slimy green scales 1, dopey 1, regeneration 1, no potion heal 1
a: Smiting, Recall Orcish Followers, Renounce Religion


You were in the Dungeon.
You worshipped Beogh.
Beogh was greatly pleased with you.
You were not hungry.

You visited 1 branch You collected 30 gold pieces.

Inventory:

Hand Weapons
 a - a +0 war axe (weapon)
Armour
 b - a +0 scale mail (worn)
 c - a +0 shield (worn)
 f - a +0 cloak (worn)
Scrolls
 k - a scroll of blinking
 l - a scroll of holy word {unknown}
 m - 4 scrolls of identify
 n - 3 scrolls of remove curse
 q - a scroll of torment {unknown}
Potions
 p - a potion of flight
 s - a potion of agility {unknown}
 t - a potion of brilliance {unknown}
Comestibles
 d - a royal jelly
 o - a bread ration
 r - a meat ration


   Skills:
 + Level 13.9 Fighting
 + Level 14.9 Axes
 + Level 12.9 Armour
 + Level 13.0 Shields
 + Level 10.9 Invocations


You had 9 spell levels left.
You didn't know any spells.

Dungeon Overview and Level Annotations

Branches:
Dungeon (1/1)

Altars:
Dithmenos
Elyvilon
Kikubaaqudgha
Okawaru
Ru
Sif Muna
Trog
Uskayaw
Vehumet
Yredelemnul
Zin
The Shining One
Beogh


Innate Abilities, Weirdness & Mutations

You have a pair of small horns on your head.
You are partially covered in slimy green scales. (AC +2)
You are dopey. (Int -2)
Your natural rate of healing is unusually fast.
Potions are less effective at restoring your health.


Message History

* * * LOW HITPOINT WARNING * * *
You feel sick. The killer bee barely misses you.
You barely miss the killer bee. x2; You feel sick.
The killer bee barely misses you. You block the killer bee's attack.
Unknown command.
Unknown command.
You closely miss the killer bee. Your headbutt misses the killer bee.
You miss the killer bee.
* * * LOW HITPOINT WARNING * * *
You feel sick. The killer bee stings you.
* * * LOW HITPOINT WARNING * * *
You block the killer bee's attack. The killer bee closely misses you.
The killer bee stings you.
* * * LOW HITPOINT WARNING * * *
You hit the killer bee.
The killer bee is lightly wounded.
You hit the killer bee.
* * * LOW HITPOINT WARNING * * *
You feel sick. The killer bee stings you.
You die...

########################
#.#.#.....#.....@yyyyy≈#
.#.##)###.#...^.y#yyyy≈#
.#.##.#.[##......#


yyy≈≈ ..#..##..'....)..# yy≈≈ ▓▓▓▓▓▓▓▓▓#..(....# yy% f≈≈≈...#.)(...^# %%
♣P.+^^(^...# . ♣PP#.(.....# ♣♣♣##+######## You could see 17 killer bees.

Vanquished Creatures
  Dowan (D)
  Erolcha (D)
  A deep elf mage (D)
  Duvessa (D)
  A queen bee (D)
  2 redbacks (D)
  A shadow (D)
  A necrophage (D)
  5 two-headed ogres (D)
  A water elemental (D)
  7 killer bees (D)
  A jelly (D)
  A wizard (D)
  Crazy Yiuf (D)
  A necromancer (D)
  3 humans (D)
  A kobold demonologist (D)
  An ooze (D)
  3 rats (D)
34 creatures vanquished.

Vanquished Creatures (others)
  2 draconian scorchers (D)
  6 hellions (D)
  A yaktaur (D)
  A plant (D)
10 creatures vanquished.

Grand Total: 44 creatures vanquished

Notes
Turn   | Place    | Note
-------+----------+-------------------------------------------
     0 | D        | potatolord6000 the Hill Orc Fighter began the quest for the Orb.
     0 | D        | Reached XP level 1. HP: 19/19 MP: 1/1
     6 | D        | Reached skill level 3 in Axes
    17 | D        | Reached XP level 2. HP: 28/28 MP: 2/2
    49 | D        | Killed a hellion
    52 | D        | Reached skill level 5 in Fighting
    52 | D        | Reached skill level 4 in Axes
    52 | D        | Reached XP level 3. HP: 10/36 MP: 3/3
    94 | D        | Killed a hellion
   107 | D        | Killed a hellion
   131 | D        | Killed a hellion
   132 | D        | Killed a hellion
   138 | D        | Killed a white draconian scorcher
   247 | D        | Killed a hellion
   260 | D        | Killed a white draconian scorcher
   274 | D        | Noticed Crazy Yiuf
   277 | D        | Paralysed by Crazy Yiuf for 3 turns
   279 | D        | Killed a yaktaur
   281 | D        | Killed Crazy Yiuf
   281 | D        | Reached skill level 5 in Axes
   281 | D        | Reached skill level 5 in Armour
   281 | D        | Reached skill level 5 in Shields
   398 | D        | Gained mutation: Your body sometimes deteriorates upon taking damage. [potion of mutation]
   398 | D        | Gained mutation: You can translocate small distances at will. [potion of mutation]
   399 | D        | Lost mutation: Your body sometimes deteriorates upon taking damage. [potion of mutation]
   399 | D        | Lost mutation: You can translocate small distances at will. [potion of mutation]
   399 | D        | Gained mutation: You are somewhat resistant to further mutation. [potion of mutation]
   399 | D        | Gained mutation: You are agile. (Dex +2) [potion of mutation]
   400 | D        | Lost mutation: You are agile. (Dex +2) [potion of mutation]
   400 | D        | Lost mutation: You are somewhat resistant to further mutation. [potion of mutation]
   400 | D        | Gained mutation: Armour fits poorly on your strangely shaped body. [potion of mutation]
   400 | D        | Gained mutation: Your natural rate of healing is unusually fast. [potion of mutation]
   400 | D        | Gained mutation: You are partially covered in iridescent scales. (AC +2) [potion of mutation]
   401 | D        | Lost mutation: Armour fits poorly on your strangely shaped body. [potion of mutation]
   401 | D        | Lost mutation: You are partially covered in iridescent scales. (AC +2) [potion of mutation]
   401 | D        | Gained mutation: You are partially covered in slimy green scales. (AC +2) [potion of mutation]
   401 | D        | Gained mutation: Potions are less effective at restoring your health. [potion of mutation]
   401 | D        | Gained mutation: You are dopey. (Int -2) [potion of mutation]
   401 | D        | Gained mutation: You have a pair of small horns on your head. [potion of mutation]
   436 | D        | Noticed a water elemental
   439 | D        | Killed a water elemental
   439 | D        | Reached skill level 6 in Axes
   439 | D        | Reached XP level 4. HP: 41/45 MP: 4/4
   444 | D        | Found a glowing silver altar of Zin.
   444 | D        | Found a glowing golden altar of the Shining One.
   444 | D        | Found a white marble altar of Elyvilon.
   445 | D        | Noticed a deep elf mage
   452 | D        | Killed a deep elf mage
   452 | D        | Reached skill level 10 in Axes
   452 | D        | Reached XP level 5. HP: 33/58 MP: 5/5
   452 | D        | Reached XP level 6. HP: 38/66 MP: 6/6
   452 | D        | Reached XP level 7. HP: 41/71 MP: 7/7
   466 | D        | Found a roughly hewn altar of Beogh.
   466 | D        | Found an iron altar of Okawaru.
   466 | D        | Found a bloodstained altar of Trog.
   466 | D        | Found a hide-covered altar of Uskayaw.
   466 | D        | Noticed a human
   467 | D        | Noticed a human
   469 | D        | Killed a human
   469 | D        | Reached skill level 10 in Fighting
   474 | D        | Killed a human
   474 | D        | Reached skill level 11 in Axes
   476 | D        | Became a worshipper of Beogh the Brigand
   487 | D        | Found a radiant altar of Vehumet.
   487 | D        | Found a deep blue altar of Sif Muna.
   487 | D        | Found an ancient bone altar of Kikubaaqudgha.
   490 | D        | Noticed a rust devil
   495 | D        | Noticed a chaos spawn
   528 | D        | Found a basalt altar of Yredelemnul.
   528 | D        | Found a shadowy altar of Dithmenos.
   528 | D        | Found a sacrificial altar of Ru.
   537 | D        | Reached * piety under Beogh
   537 | D        | Reached skill level 1 in Invocations
   537 | D        | Reached XP level 8. HP: 81/81 MP: 7/9
   615 | D        | Noticed a shadow
   620 | D        | Killed a shadow
   620 | D        | Reached skill level 10 in Armour
   620 | D        | Reached skill level 10 in Shields
   634 | D        | Reached ** piety under Beogh
   643 | D        | Reached skill level 12 in Axes
   697 | D        | Noticed a two-headed ogre
   705 | D        | Killed a two-headed ogre
   705 | D        | Reached skill level 5 in Invocations
   758 | D        | Noticed Erolcha
   759 | D        | Noticed a two-headed ogre
   763 | D        | Killed Erolcha
   763 | D        | Reached skill level 13 in Axes
   763 | D        | Reached XP level 9. HP: 67/91 MP: 3/14
   774 | D        | Killed a two-headed ogre
   774 | D        | Reached *** piety under Beogh
   999 | D        | Noticed Dowan
   999 | D        | Noticed Duvessa
  1017 | D        | Killed Duvessa
  1023 | D        | Killed Dowan
  1023 | D        | Reached skill level 14 in Axes
  1023 | D        | Reached skill level 10 in Invocations
  1023 | D        | Reached XP level 10. HP: 29/102 MP: 7/17
  1227 | D        | Reached **** piety under Beogh
  1230 | D        | HP: 5/102 [killer bee (4)]
  1230 | D        | HP: 2/102 [killer bee (3)]
  1231 | D        | Slain by a killer bee

Skill      XL: |  1  2  3  4  5  6  7  8  9 10 |
---------------+-------------------------------+-----
Fighting       | 4 5 6 9 10 12 13 | 13.9
Axes           | 3 4 6 10 11 13 14 | 14.9
Armour         | 4 5 8 9 11 12 | 12.9
Shields        | 4 5 8 9 11 12 13 | 13.0
Invocations    | 1 7 10 | 10.9

Action                   |  1- 3 |  4- 6 |  7- 9 | 10-12 || total
-------------------------+-------+-------+-------+-------++-------
Melee: War axe           |    25 |     5 |    87 |    33 ||   150
       Headbutt          |     2 |     1 |    22 |     5 ||    30
Invok: Smiting           |       |       |    18 |     1 ||    19
  Use: Potion            |     6 |       |     6 |       ||    12
  Eat: Bread ration      |     1 |       |       |       ||     1
Armor: Scale mail        |     7 |       |    31 |    13 ||    51
Dodge: Dodged            |     8 |       |    20 |    16 ||    44
Block: Shield            |    10 |     1 |    44 |    31 ||    86
